 Dungeon Crawl Stone Soup version 0.31-a0-358-gac0dbeb3ab (webtiles) character file.

Game seed: 15085803212678495068

39053 CrazyBamboolord the Thaumaturge (level 13, 0/92 HPs)
             Began as a Demonspawn Necromancer on May 4, 2023.
             Was an Elder of Sif Muna.
             Slain by an entropy weaver (2 damage)
             ... in a Gauntlet on July 26, 2023.
             The game lasted 01:29:38 (18296 turns).

CrazyBamboolord the Thaumaturge (DsNe)             Turns: 18296, Time: 01:29:39

Health: 0/92       AC: 10    Str:  8    XL:     13   Next: 67%
Magic:  0/39       EV: 15    Int: 28    God:    Sif Muna [****..]
Gold:   917        SH:  0    Dex: 14    Spells: 7/38 levels left

rFire   . . .        a - +1 short sword (elec)
rCold   . . .        (no shield)
rNeg    . . .        K - +0 steam dragon scales
rPois   .            o - +2 helmet
rElec   .            (cloak unavailable)
rCorr   .            u - +0 pair of gloves
SInv    .            I - +1 pair of boots
Will    .....        F - amulet of the acrobat
Stlth   ++           g - ring of magical power
HPRegen 0.35/turn    B - +6 ring of intelligence
MPRegen 0.52/turn

%: no teleportation, acrobat, guardian spirit
@: corroded, animating dead
A: thin metallic scales 2, demonic guardian 3, magic shield, magic regeneration,
weakness stinger 3
a: Renounce Religion, Channel Magic, Forget Spell, Divine Exegesis


You were in a Gauntlet.
You worshipped Sif Muna.
Sif Muna was greatly pleased with you.
You visited 3 branches of the dungeon, and saw 18 of its levels.
You visited the Abyss 1 time.
You also visited: Gauntlet.

You collected 1022 gold pieces.
You spent 105 gold pieces at shops.

Inventory:

Hand Weapons
 a - a +1 short sword of electrocution (weapon)
 b - the +1 dagger of Popular Demand {flame, *Slow rPois rC++ Str+3}
   (You found it on level 4 of the Lair of Beasts)

   Str:       It affects your strength (+3).
   rC:        It greatly protects you from cold.
   rPois:     It protects you from poison.
   *Slow:     It may slow you when you take damage.
Missiles
 r - 2 throwing nets
Armour
 o - a +2 helmet (worn)
 u - a +0 pair of gloves (worn)
 I - a +1 pair of boots (worn)
 J - a +0 troll leather armour
 K - +0 steam dragon scales (worn)
Magical Staves
 x - a staff of earth
Jewellery
 d - a ring of fire
 g - a ring of magical power (left hand)
 j - a +4 ring of protection
 B - a +6 ring of intelligence (right hand)
 C - a ring of resist corrosion
 F - an amulet of the acrobat (around neck)
 M - a ring of positive energy
Talismans
 P - a blade talisman
Wands
 k - a wand of polymorph (18)
 y - a wand of flame (26)
 A - a wand of digging (2)
 H - a wand of iceblast (2)
 L - a wand of charming (9)
Scrolls
 i - 2 scrolls of noise
 n - a scroll of brand weapon
 p - a scroll of amnesia {unknown}
 s - a scroll of blinking
 t - a scroll of enchant weapon {unknown}
 v - 2 scrolls of poison
 D - a scroll of summoning {unknown}
 G - 3 scrolls of identify
 N - 2 scrolls of teleportation
 O - 2 scrolls of fear {unknown}
 Q - a scroll of torment {unknown}
 R - a scroll of immolation {unknown}
 S - a scroll of acquirement {unknown}
 V - a scroll of vulnerability {unknown}
Potions
 c - 2 potions of lignification
 e - a potion of haste
 f - a potion of resistance {unknown}
 h - 2 potions of curing
 l - a potion of magic
 m - 4 potions of heal wounds
 q - a potion of might {unknown}
 w - 2 potions of cancellation {unknown}
 z - 4 potions of enlightenment
 E - 3 potions of attraction {unknown}
 U - 3 potions of berserk rage {unknown}


   Skills:
 * Level 5.6 Fighting
 * Level 8.0 Dodging
 - Level 3.2 Stealth
 - Level 13.0 Spellcasting
 * Level 5.2 Conjurations
 * Level 5.5 Hexes
 - Level 12.3 Necromancy
 + Level 0.5 Fire Magic
 * Level 4.9 Air Magic
 * Level 10.9 Invocations


You had 7 spell levels left.
You knew the following spells:

 Your Spells              Type           Power      Damage    Failure   Level
a - Necrotise             Necr           100%       1d9       1%          1
b - Vampiric Draining     Necr           72%        2d11      1%          3
c - Animate Dead          Necr           72%        N/A       1%          4
d - Agony                 Necr           72%        N/A       1%          5
e - Static Discharge      Conj/Air       92%        2-6/arc   1%          2
f - Airstrike             Air            22%        2d(4-20)  3%          4
g - Anguish               Hex/Necr       31%        N/A       1%          4
h - Ensorcelled Hibernat  Hex/Ice        66%        N/A       1%          2
i - Tukima's Dance        Hex            49%        N/A       1%          3
j - Swiftness             Air            45%        N/A       1%          3

Your spell library contained the following spells:

 Spells                   Type           Power      Damage    Failure   Level
 Foxfire                  Conj/Fire      100%       2x1d9     1%          1
 Slow                     Hex            100%       N/A       1%          1
 Poisonous Vapours        Pois/Air       64%        N/A       1%          2
 Sublimation of Blood     Necr           72%        N/A       1%          2
 Confusing Touch          Hex            49%        N/A       1%          3
 Portal Projectile        Hex/Tloc       66%        N/A       2%          3
 Sting                    Tmut/Pois      72%        1d6       3%          1
 Stone Arrow              Conj/Erth      64%        3d11      3%          3
 Vhi's Electric Charge    Tloc/Air       64%        N/A       3%          3
 Fulminant Prism          Conj/Hex       24%        3d12      3%          4
 Passwall                 Tmut/Erth      15%        N/A       4%          2
 Volatile Blastmotes      Fire/Tloc      38%        2d13      8%          3
 Call Canine Familiar     Summ           18%        N/A       9%          3
 Ignite Poison            Fire/Tmut/Pois 19%        N/A       9%          3
 Iskenderun's Mystic Bla  Conj/Tloc      32%        2d8       10%         4
 Leda's Liquefaction      Hex/Erth       16%        N/A       10%         4
 Summon Lightning Spire   Summ/Air       32%        N/A       11%         4
 Olgreb's Toxic Radiance  Pois           18%        N/A       28%         4
 Petrify                  Tmut/Erth      18%        N/A       28%         4
 Irradiate                Conj/Tmut      16%        3d17      28%         5
 Conjure Ball Lightning   Conj/Air       23%        3x3d6     50%         6
 Eringya's Noxious Bog    Tmut/Pois      9%         4d6       99%         6
 Ignition                 Fire           10%        3d5       100%        8
 Fire Storm               Conj/Fire      17%        8d4       100%        9


Dungeon Overview and Level Annotations

Branches:
Dungeon (12/15)            Temple (1/1) D:5            Lair (5/5) D:11
 Shoals (0/4) Lair:3       Spider (0/4) Lair:3        Slime (0/5) Lair:5
    Orc (0/2) D:10        Gauntlet (1/1)

Altars:
Ashenzari
Cheibriados
Dithmenos
Fedhas
Gozag
Hepliaklqana
Kikubaaqudgha
Makhleb
Nemelex Xobeh
Okawaru
Qazlal
Ru
Sif Muna
Trog
Uskayaw
Vehumet
Wu Jian
Xom
Yredelemnul

Shops:
D:6 *

Annotations:
D:3 1 runed translucent door, Crazy Yiuf
D:7 1 runed translucent door
D:11 3 runed translucent doors, blacky4's ghost, journeyman DjCj Gauntlet 13 transporters, exclusions: oklob plant and orange crystal statue


Innate Abilities, Weirdness & Mutations

You are mostly covered in thin metallic scales. (AC +3)
A powerful demonic guardian rushes to your aid.
When hurt, damage is shared between your health and your magic reserves.
You regenerate magic rapidly.
You have a sharp stinger which inflicts weakening toxins.


Message History

The jumping spider is severely wounded.
The lightning grounds out.
You feel extremely sick.
The jumping spider leaps!
The wolf spider hits you!
The wolf spider is wracked by anguish!
The wolf spider bites you but does no damage.
The wolf spider hits you!
* * * LOW HITPOINT WARNING * * *
The wolf spider is wracked by anguish!
The wolf spider bites you.
* * * LOW HITPOINT WARNING * * *
The wolf spider is wracked by anguish.
The jumping spider leaps!
Casting: Static Discharge (safe; 1% risk of failure)
Confirm with . or Enter, or press ? or * to list all spells.
Aiming: Vampiric Draining (safe; 1% risk of failure)
Press: ? - help, Shift-Dir - straight line, f - wolf spider
Aim: a wolf spider (almost dead, anguished)
You draw life force from the wolf spider!
You kill the wolf spider!
Sif Muna accepts your kill.
You feel life coursing into your body.
The dead are crawling!
* * * LOW HITPOINT WARNING * * *
You feel very sick.
The jumping spider leaps!
The entropy weaver barely misses you. x2
The entropy weaver hits you but does no damage.
The entropy weaver hits you!
* * * LOW HITPOINT WARNING * * *
A demonic guardian appears!
You feel better.
The entropy weaver hits you but does no damage.
The entropy weaver barely misses you.
The entropy weaver hits you but does no damage.
The entropy weaver hits you.
* * * LOW HITPOINT WARNING * * *
Unknown command.
The web tears apart.
The entropy weaver hits you but does no damage.
The entropy weaver misses you. The entropy weaver hits you!
* * * LOW HITPOINT WARNING * * *
The entropy weaver hits you.
You die...

##########.#........#8#
.........#.#........#####
...#######.#######.....§###
...#©...........©#......#8#
######################..###
z=##...zz#≈#.........#..#
?##.###^z#≈#.#.#.#.#.#..###
}#z##.##z#≈#..#B#.#..#..#8#
.#z#.#.#.#≈#.#.#@#.#.#..###
.#.#©^.#.#8#..#2©.#..#..#
.#.#z#.#.#≈#.#.#Z#.#.#..###
.##.##.#.#≈#..#.#.#..#..#8#
.^###.##.#≈#.#.#.#.#.#..###
^....##©##≈#..$.©!"..#..#
######################..###
...#©...........©#......#8#
...#######.#######.....≈###


You could see an entropy weaver (ally target), a friendly hell beast (summoned)
and a friendly wolf spider zombie.

Vanquished Creatures
  A hydra (Lair:5)
  Erolcha (D:10)
  3 two-headed ogres
  Nergalle (D:10)
  3 elephants (Lair:5)
  A wolf spider (Gauntlet)
  A worldbinder (Abyss:1)
  Maurice (D:8)
  Joseph (D:7)
  3 black mambas
  6 cane toads
  A gargoyle (D:10)
  2 kobold demonologists (D:10)
  2 rime drakes
  2 komodo dragons
  2 trolls
  A polar bear (Lair:2)
  2 hornets
  Grinder (D:5)
  A dream sheep (Lair:4)
  3 slime creatures
  3 wraiths
  2 wyverns
  21 yaks
  A vampire (D:10)
  3 basilisks
  2 steam dragons
  A redback (Lair:3)
  A vampire mosquito (D:10)
  7 water moccasins
  Duvessa (D:6)
  A sky beast (D:6)
  7 orc warriors
  An ice beast (D:5)
  2 black bears
  4 centaurs
  2 ogres
  10 wolves
  A kobold brigand (D:9)
  12 bullfrogs
  3 scorpions
  6 wights
  Dowan (D:6)
  5 killer bees (D:7)
  3 electric eels
  8 howler monkeys
  A jelly (D:5)
  6 hounds
  3 orc priests
  8 sleepcaps
  2 gnoll boudas (D:7)
  3 iguanas
  Ijyb (D:5)
  8 orc wizards
  8 gnolls
  4 adders
  A white imp (Abyss:1)
  3 ufetubi
  2 worms
  3 dart slugs
  54 orcs
  3 bats
  4 endoplasms
  2 giant cockroaches (D:4)
  8 hobgoblins
  6 jackals
  A quokka (D:2)
  3 ball pythons
  A frilled lizard (D:1)
  5 goblins
  14 kobolds
  A kobold zombie (D:10)
  4 rats
306 creatures vanquished.

Vanquished Creatures (collateral kills)
  A sixfirhy (Gauntlet)
  2 elephants (Lair:5)
  2 black mambas (Lair:3)
  A cane toad (Lair:1)
  A troll (D:11)
  2 polar bears
  3 blink frogs (Lair:3)
  2 dream sheep (Lair:4)
  A shadow (D:11)
  A slime creature (D:9)
  20 yaks
  2 redbacks (Lair:3)
  A vampire mosquito (D:10)
  An orc warrior (D:8)
  5 wolves
  An ogre (D:5)
  A bullfrog (D:5)
  A gnoll sergeant (D:8)
  4 howler monkeys (D:9)
  3 orc priests
  3 hounds (D:11)
  4 gnolls
  An ufetubus (Gauntlet)
  7 orcs
  A goblin (D:8)
71 creatures vanquished.

Vanquished Creatures (others)
  A hydra (Lair:2)
  3 two-headed ogres (D:11)
  A boulder beetle (D:11)
  A cyclops (D:11)
  3 elephants (Lair:5)
  A torpor snail (Lair:4)
  A cane toad (Lair:3)
  A redback zombie (Lair:3)
  A polar bear (Lair:2)
  4 blink frogs (Lair:3)
  A dream sheep (Lair:4)
  A jumping spider (Lair:3)
  6 yaks
  A steam dragon (Lair:3)
  A two-headed ogre zombie (D:11)
  A hornet zombie (Lair:3)
  4 blink frog zombies (Lair:3)
  3 elephant zombies (Lair:5)
  A wolf (Lair:4)
  A vampire mosquito zombie (D:10)
  A bullfrog (Lair:4)
  A wyvern zombie (D:9)
  2 water moccasin zombies (Lair:5)
  10 yak zombies
  2 electric eels
  A howler monkey (D:10)
  2 wolf zombies (Lair:3)
  A bullfrog zombie (Lair:3)
  A human zombie (D:7)
  A centaur zombie (D:10)
  2 orc priests (D:11)
  A sky beast zombie (D:6)
  2 hound zombies
  5 howler monkey zombies
  An orc (D:10)
  A gnoll zombie (D:7)
  4 kobold zombies (D:10)
  14 orc zombies
89 creatures vanquished.

Grand Total: 466 creatures vanquished

Notes
Turn   | Place    | Note
-------+----------+-------------------------------------------
     0 | D:1      | CrazyBamboolord the Demonspawn Necromancer began the quest
                  | for the Orb.
     0 | D:1      | Reached XP level 1. HP: 13/13 MP: 3/3
     0 | D:1      | Upgraded the game from 0.31-a0-4-gefa6de2278 to
                  | 0.31-a0-8-gd14b0f4ee2
     0 | D:1      | Upgraded the game from 0.31-a0-8-gd14b0f4ee2 to
                  | 0.31-a0-240-gb923e448b6
     0 | D:1      | Upgraded the game from 0.31-a0-240-gb923e448b6 to
                  | 0.31-a0-278-g485e682e34
     0 | D:1      | Upgraded the game from 0.31-a0-278-g485e682e34 to
                  | 0.31-a0-358-gac0dbeb3ab
   171 | D:1      | Found a faded altar of an unknown god.
   435 | D:1      | Gained mutation: You have a small tail. [demonic ancestry]
   435 | D:1      | Reached XP level 2. HP: 8/19 MP: 0/5
   758 | D:2      | Reached skill level 5 in Necromancy
   758 | D:2      | Gained mutation: You regenerate magic rapidly. [demonic
                  | ancestry]
   758 | D:2      | Reached XP level 3. HP: 14/24 MP: 0/6
   876 | D:2      | Learned a level 3 spell: Vampiric Draining
  1208 | D:2      | Found a snail-covered altar of Cheibriados.
  1435 | D:3      | Noticed a black bear
  1446 | D:3      | Killed a black bear
  1447 | D:3      | Reached skill level 3 in Spellcasting
  1447 | D:3      | Gained mutation: You are partially covered in thin metallic
                  | scales. (AC +2) [demonic ancestry]
  1447 | D:3      | Reached XP level 4. HP: 24/30 MP: 8/9
  1447 | D:3      | Gained mutation: You are mostly covered in thin metallic
                  | scales. (AC +3) [demonic ancestry]
  1447 | D:3      | Reached XP level 5. HP: 28/35 MP: 8/10
  1629 | D:3      | Found a shadowy altar of Dithmenos.
  2091 | D:3      | Found a runed translucent door.
  2092 | D:3      | Noticed Crazy Yiuf
  2173 | D:3      | Reached skill level 4 in Spellcasting
  2281 | D:3      | Found an opulent altar of Gozag.
  2499 | D:4      | Noticed an orc warrior
  2592 | D:4      | Gained mutation: You have a tail ending in a sharp stinger.
                  | [demonic ancestry]
  2592 | D:4      | Reached XP level 6. HP: 41/41 MP: 12/12
  2658 | D:4      | Killed an orc warrior
  3194 | D:5      | Entered Level 5 of the Dungeon
  3228 | D:4      | Gained mutation: A weak demonic guardian rushes to your
                  | aid. [demonic ancestry]
  3228 | D:4      | Reached XP level 7. HP: 46/46 MP: 14/14
  3390 | D:4      | Reached skill level 5 in Spellcasting
  3562 | D:5      | Found a staircase to the Ecumenical Temple.
  3562 | D:5      | Noticed Ijyb
  3675 | D:5      | Killed Ijyb
  3700 | Temple   | Entered the Ecumenical Temple
  3776 | Temple   | Became a worshipper of Sif Muna the Loreminder
  3867 | D:5      | Noticed Grinder
  4034 | D:5      | Reached skill level 1 in Invocations
  4130 | D:5      | Reached skill level 6 in Spellcasting
  4216 | D:5      | Gained mutation: When hurt, damage is shared between your
                  | health and your magic reserves. [demonic ancestry]
  4216 | D:5      | Reached XP level 8. HP: 49/53 MP: 17/17
  4385 | D:5      | Paralysed by Grinder for 2 turns
  4398 | D:5      | Killed Grinder
  4695 | D:6      | Learned a level 4 spell: Animate Dead
  4911 | D:6      | Reached skill level 7 in Spellcasting
  4963 | D:6      | Noticed Duvessa
  4963 | D:6      | Noticed Dowan
  4981 | D:6      | Killed Duvessa
  4985 | D:6      | Killed Dowan
  5306 | D:6      | Found Roroil's General Store.
  5316 | D:6      | Bought a scroll of blinking for 105 gold pieces
  5322 | D:6      | Learned a level 5 spell: Agony
  5552 | D:7      | Reached XP level 9. HP: 58/58 MP: 12/20
  5581 | D:7      | Reached * piety under Sif Muna
  5582 | D:7      | Reached skill level 1 in Fighting
  5717 | D:7      | Noticed Joseph
  5729 | D:7      | Killed Joseph
  5730 | D:7      | Reached skill level 8 in Spellcasting
  5730 | D:7      | Reached skill level 5 in Invocations
  5870 | D:7      | Found a runed translucent door.
  5874 | D:7      | Found a basalt altar of Yredelemnul.
  5976 | D:7      | Reached skill level 10 in Necromancy
  5976 | D:7      | Your ally Joseph died
  6242 | D:7      | Reached skill level 9 in Spellcasting
  6247 | D:7      | Noticed a two-headed ogre
  6247 | D:7      | Noticed a troll
  6306 | D:7      | Killed a two-headed ogre
  6307 | D:7      | Gained mutation: A demonic guardian rushes to your aid.
                  | [demonic ancestry]
  6307 | D:7      | Reached XP level 10. HP: 48/65 MP: 1/23
  7030 | D:8      | Noticed a two-headed ogre
  7040 | D:8      | Killed a two-headed ogre
  7133 | D:8      | Reached skill level 10 in Spellcasting
  7426 | D:8      | Reached ** piety under Sif Muna
  7503 | D:8      | Noticed Maurice
  7552 | D:8      | Killed Maurice
  7710 | D:8      | Found an iron altar of Okawaru.
  7798 | D:9      | You fall into a shaft and drop 3 floors!
  7926 | D:11     | Found a runed translucent gate.
  7939 | D:10     | Entered Level 10 of the Dungeon
  7989 | D:9      | Reached XP level 11. HP: 69/71 MP: 4/25
  8309 | D:9      | Found a snail-covered altar of Cheibriados.
  8309 | D:9      | Found a burning altar of Makhleb.
  8311 | D:9      | Found a hide-covered altar of Uskayaw.
  8312 | D:9      | Found a radiant altar of Vehumet.
  8752 | D:9      | Learned a level 2 spell: Static Discharge
  8764 | D:8      | Reached skill level 11 in Spellcasting
  9527 | D:10     | Noticed Erolcha
  9545 | D:10     | Noticed a two-headed ogre
  9549 | D:10     | Killed a two-headed ogre
  9617 | D:10     | Learned a level 4 spell: Airstrike
  9682 | D:10     | Reached skill level 1 in Conjurations
  9797 | D:10     | Reached skill level 1 in Air Magic
  9867 | D:9      | Reached *** piety under Sif Muna
 10146 | D:10     | Noticed Nergalle
 10156 | D:10     | Killed Nergalle
 10200 | D:10     | Found a staircase to the Orcish Mines.
 10429 | D:10     | Noticed a soul eater
 10577 | D:10     | Learned a level 4 spell: Anguish
 10836 | Abyss:1  | Cast into level 1 of the Abyss (Erolcha)
 10872 | Abyss:1  | Noticed a wretched star
 10936 | Abyss:1  | Noticed a large abomination
 10947 | Abyss:1  | Noticed a rakshasa
 10961 | Abyss:1  | Noticed a skeletal warrior
 10963 | Abyss:1  | Noticed a skeletal warrior
 10971 | Abyss:1  | Noticed a skeletal warrior
 10971 | Abyss:1  | Noticed a skeletal warrior
 11176 | Abyss:1  | Noticed a thrashing horror
 11176 | Abyss:1  | Noticed a wretched star
 11223 | Abyss:1  | Noticed a thrashing horror
 11227 | Abyss:1  | Noticed a bone dragon
 11235 | Abyss:1  | Noticed a large abomination
 11236 | Abyss:1  | Noticed a wretched star
 11237 | Abyss:1  | Noticed a lich
 11241 | D:10     | Escaped the Abyss
 11276 | D:10     | Killed Erolcha
 11736 | D:9      | Reached **** piety under Sif Muna
 11936 | D:11     | Noticed a two-headed ogre
 11949 | D:11     | Reached skill level 1 in Hexes
 11951 | D:11     | Killed a two-headed ogre
 11952 | D:11     | Reached skill level 12 in Spellcasting
 11976 | D:11     | Gained mutation: You have a sharp stinger which inflicts
                  | weakening toxins. [demonic ancestry]
 11976 | D:11     | Reached XP level 12. HP: 19/81 MP: 11/28
 12359 | D:11     | Noticed a two-headed ogre
 12362 | D:11     | Noticed a two-headed ogre
 12369 | D:11     | Killed a two-headed ogre
 12373 | D:11     | Killed a two-headed ogre
 12465 | D:11     | Found a staircase to the Lair.
 12471 | D:11     | Noticed a boulder beetle
 12479 | D:11     | Killed a boulder beetle
 12897 | D:11     | Found a runed translucent gate.
 12897 | D:11     | Noticed an 11-headed hydra
 12897 | D:11     | Noticed blacky4's ghost (journeyman DjCj)
 12898 | D:11     | Noticed an 11-headed hydra
 12899 | D:11     | Found a runed translucent gate.
 13014 | Lair:1   | Entered Level 1 of the Lair of Beasts
 13058 | Lair:1   | Learned a level 2 spell: Ensorcelled Hibernation
 13062 | Lair:1   | Learned a level 3 spell: Tukima's Dance
 13066 | Lair:1   | Learned a level 3 spell: Swiftness
 14420 | Lair:2   | Reached skill level 13 in Spellcasting
 14420 | Lair:2   | Reached ***** piety under Sif Muna
 14424 | Lair:2   | Reached skill level 5 in Dodging
 14656 | Lair:2   | Noticed a five-headed hydra
 14665 | Lair:2   | Killed a five-headed hydra
 15121 | Lair:3   | Reached skill level 10 in Invocations
 15217 | Lair:3   | Received a gift from Sif Muna
 15231 | Lair:3   | Gained mutation: A powerful demonic guardian rushes to your
                  | aid. [demonic ancestry]
 15231 | Lair:3   | Reached XP level 13. HP: 50/90 MP: 0/30
 15451 | Lair:3   | Got Sif Muna's Anthology of Fire and Envenoming {god gift}
 15666 | Lair:3   | Found a staircase to the Shoals.
 16121 | Lair:3   | Found a hole to the Spider Nest.
 16636 | Lair:4   | Reached skill level 5 in Fighting
 16729 | Lair:4   | Identified the +1 dagger of Popular Demand {flame, *Slow
                  | rPois rC++ Str+3}
 17502 | Lair:5   | Entered Level 5 of the Lair of Beasts
 17534 | Lair:5   | Found a gate leading to a gauntlet.
 17547 | Lair:5   | Reached skill level 5 in Conjurations
 17552 | Lair:5   | Reached skill level 5 in Hexes
 17587 | Gauntlet | Entered a Gauntlet
 17587 | Gauntlet | Found a transporter.
 17587 | Gauntlet | Found a transporter.
 17712 | Gauntlet | Found a transporter.
 17712 | Gauntlet | Found a transporter.
 17732 | Gauntlet | Found a transporter.
 17732 | Gauntlet | Found a transporter.
 17733 | Gauntlet | Found a transporter.
 17736 | Gauntlet | Found a transporter.
 17763 | Gauntlet | Found a transporter.
 17770 | Gauntlet | Found a transporter.
 17788 | Gauntlet | Found a transporter.
 17812 | Gauntlet | Found a transporter.
 17845 | Gauntlet | Found a transporter.
 17861 | Gauntlet | Found a transporter.
 17962 | Gauntlet | Found a transporter.
 17978 | Gauntlet | Found a transporter.
 18261 | Gauntlet | Got Qef Doc's Catalogue of Ashen Ouranomancy
 18296 | Gauntlet | HP: 2/92 [entropy weaver (11)]
 18296 | Gauntlet | Slain by an entropy weaver

Illustrated notes

Levels and vault maps discovered:
D:1:      mainiacjoe_arrival_reflecting_pool, layout_rooms,
          shapermc_ecumenical_altar_mp_urbaneastern
D:2:      layout_basic, basic_altar
D:3:      layout_loops_ring, grunt_temple_overflow_gold_and_silver,
          grunt_dithmenos_smoke, uniq_crazy_yiuf_cottage
D:4:      layout_rooms
D:5:      layout_rooms, minmay_temple_entry_slanted, serial_corexii_hall,
          corexii_hall_statues_i, chequers_hall_statues_corner_a, uniq_ijyb,
          uniq_grinder
D:6:      layout_basic, serial_bayou, serial_bayou_shore_b,
          serial_bayou_lagoon_a, serial_bayou_lagoon_b, serial_bayou_crossing,
          serial_shops, nicolae_shop_competitors_out_of_business, uniq_duvessa
D:7:      nzn_winding_woodlands_three_and_one
          [nzn_winding_woodlands_5x15_concentric,
          nzn_winding_woodlands_5x15_longhouse,
          nzn_winding_woodlands_5x15_jagged,
          nzn_winding_woodlands_center_lodge], layout_loops_ring,
          dk_yredelemnul_ordeal, uniq_joseph
D:8:      layout_rooms, okawaru_altar_gauntlet_db, uniq_maurice
D:9:      layout_loops_ring, mainiacjoe_overflow_alcove_3, nicolae_wwwww
D:10:     layout_cave_pools, hiddenorc2_lemuel, serial_column_ruins,
          column_ruins_circle_medium, column_ruins_grid_4,
          column_ruins_columns_T, column_ruins_open_tiny, uniq_erolcha,
          uniq_nergalle
D:11:     layout_rooms, erik_lair_island, gammafunk_ghost_hydra_chop
D:12:     layout_roguey
Temple:   nicolae_temple_god_jail
Lair:1:   layout_cave_pods
Lair:2:   layout_gridlike, cheibrodos_lair_lostbears
Lair:3:   layout_regular_city, elwin_shoals_entry_rocks,
          spider_nest_entry_funnel_web, grunt_megastairs_5, serial_bayou_shore_a
Lair:4:   layout_long_grid, lookout_lair_type, chequers_serial_rivers_room_b
Lair:5:   hellmonk_lair_end_abyssal_woods, layout_regular_city,
          dpeg_slime_entry_enclosed, gauntlet_entry_generic,
          ebering_ghost_inner_flame, st_stairs_10, nicolae_lair_lil_pond
Gauntlet: gammafunk_gauntlet_branching [nicolae_gauntlet_swirl,
          gammafunk_gauntlet_arena_hedges, gammafunk_gauntlet_arena_grid,
          gammafunk_gauntlet_arena_spirals, gammafunk_gauntlet_arena_crates,
          gammafunk_gauntlet_arena_corners, nicolae_gauntlet_arena_x,
          nicolae_gauntlet_arena_blocks, gauntlet_exit_watery]

Skill      XL: |  1  2  3  4  5  6  7  8  9 10 11 12 13 |
---------------+----------------------------------------+-----
Necromancy     | 5 6 7 8 9 10 11 12 | 12.3
Stealth        | 2 3 |  3.2
Dodging        | 2 3 4 6 8 |  8.0
Spellcasting   | 3 4 6 7 9 10 12 13 | 13.0
Invocations    | 2 4 6 8 9 10 | 10.9
Fighting       | 1 3 4 5 |  5.6
Conjurations   | 2 4 5 |  5.2
Air Magic      | 2 4 |  4.9
Hexes          | 1 3 5 |  5.5
Fire Magic     | |  0.5

Action                     |  1- 3 |  4- 6 |  7- 9 | 10-12 | 13-15 || total
---------------------------+-------+-------+-------+-------+-------++-------
  Melee: Short sword       |     9 |     2 |    51 |   158 |    32 ||   252
         Tailslap          |       |       |    10 |    23 |     5 ||    38
         Punch             |       |       |     1 |     2 |     1 ||     4
   Cast: Necrotise         |    49 |    68 |   110 |    59 |       ||   286
         Vampiric Draining |     5 |    16 |    85 |   165 |    70 ||   341
         Animate Dead      |       |       |     6 |    14 |     5 ||    25
         Agony             |       |       |     5 |    62 |     3 ||    70
         Static Discharge  |       |       |       |    91 |     6 ||    97
         Anguish           |       |       |       |    28 |    20 ||    48
         Airstrike         |       |       |       |     8 |       ||     8
         Ensorcelled Hiber |       |       |       |     1 |       ||     1
         Ignition          |       |       |       |       |     1 ||     1
 Invoke: Divine Exegesis   |       |       |       |       |     1 ||     1
  Evoke: Wand              |       |       |       |    14 |       ||    14
    Use: Scroll            |       |     3 |     2 |    15 |     4 ||    24
         Potion            |       |     2 |       |     4 |     1 ||     7
   Stab: Sleeping          |       |       |       |     3 |       ||     3
         Distracted        |       |       |       |     2 |       ||     2
 Armour: Robe              |     9 |    17 |    74 |     1 |       ||   101
         Steam dragon scal |       |       |       |   284 |    90 ||   374
         Troll leather arm |       |       |       |     2 |       ||     2
  Dodge: Dodged            |    30 |    14 |   132 |   481 |   206 ||   863

Table legend: (Time is in decaauts)
 A = Elapsed time spent in this place.
 B = Non-inter-level travel time spent in this place.
 C = Inter-level travel time spent in this place.
 D = Time resting spent in this place.
 E = Time spent auto-exploring this place.
 F = Levels seen in this place.
 G = Mean time per level.
                   A        B        C        D        E       F      G
               +--------+--------+--------+--------+--------+-----+--------+
         Total |  18340 |  17696 |    644 |   3095 |  10543 |  20 |  917.0 |
       Dungeon |  12541 |  12095 |    446 |   2681 |   6547 |  12 | 1045.1 |
        Temple |     88 |     77 |     11 |      0 |      0 |   1 |   88.0 |
          Lair |   4597 |   4410 |    187 |    222 |   3558 |   5 |  919.4 |
         Abyss |    404 |    404 |      0 |    192 |      0 |   1 |  404.0 |
      Gauntlet |    708 |    708 |      0 |      0 |    437 |   1 |  708.0 |
               +--------+--------+--------+--------+--------+-----+--------+

Top non-repeatable levels by time:
     D:9: 2056 daAuts
    D:10: 1532 daAuts
     D:7: 1484 daAuts
  Lair:4: 1243 daAuts
     D:3: 1214 daAuts
  Lair:3: 1173 daAuts
     D:4: 1102 daAuts
  Lair:2: 1077 daAuts
     D:8: 1043 daAuts
  Lair:1: 1041 daAuts
     D:6: 994 daAuts
    D:11: 973 daAuts
     D:2: 713 daAuts
Gauntlet: 708 daAuts
     D:1: 704 daAuts
